AoeStats
← Cleopatra

Arena

510360286Analyzed
2v2 RM · 1d ago on Sep 30, 2026· 58m 18s· 4 players
Game mode
Random Map
Map size
Medium (4 player)
Population
200
Speed
Normal
Resources
Standard
Victory
Conquest
Starting age
Dark Age
Ending age
Imperial Age
RankedLock teamsTeams togetherTeam positionsShared explorationLock speedFull tech treeHidden civsTurbo modeCheats
Victory
Defeat
🇩🇪 Khitans · Germany
1298
+14
🇩🇪 Spanish · Germany
1233
+17
🇦🇷 Khmer · Argentina
1298
-18
🇧🇪 Huns · Belgium
1198
-13
KarlDerGrausame
7:21 Loom
11:17 Feudal Age
13:20 Double-Bit Axe
13:21 Horse Collar
15:51 Castle Age
14:38 Stone Mining
16:58 Bow Saw
24:13 Gold Mining
27:22 Wheelbarrow
30:37 Fletching
34:08 Imperial Age
32:23 Bodkin Arrow
32:53 Padded Archer Armor
36:00 Leather Archer Armor
36:55 Scale Mail Armor
38:07 Chemistry
40:51 Chain Mail Armor
41:35 Ballistics
41:20 Pikeman
42:33 Plate Mail Armor
42:15 Forging
42:28 Hand Cart
43:15 Gambesons
43:30 Squires
44:21 Ring Archer Armor
43:16 Elite Conquistador
46:20 Iron Casting
47:22 Bracer
46:45 Halberdier
cker
12:03 Feudal Age
15:49 Castle Age
13:42 Domestication
14:44 Double-Bit Axe
17:53 Scale Barding Armor
17:49 Loom
20:11 Pastoralism
24:50 Wheelbarrow
27:12 Chain Barding Armor
31:30 Imperial Age
30:38 Forging
32:11 Iron Casting
31:41 Husbandry
31:55 Masonry
32:12 Elite Steppe Lancer
32:19 Heavy Camel Rider
32:29 Heavy Camel Rider
33:36 Gold Mining
34:02 Bow Saw
33:45 Stone Mining
35:01 Plate Barding Armor
37:12 Light Cavalry
39:35 Conscription
40:23 Hussar
41:31 Elite Skirmisher
42:06 Fletching
42:17 Padded Archer Armor
43:47 Bodkin Arrow
44:22 Ballistics
46:18 Two-Man Saw
45:47 Bracer
46:33 Hand Cart
46:04 Town Watch
47:35 Chemistry
46:53 Leather Archer Armor
50:04 Siege Engineers
56:11 Coinage
56:21 Transhumance
56:33 Thumb Ring
56:49 Lamellar Armor
56:55 Ordo Cavalry
59:11 Banking
Agrone
10:38 Feudal Age
11:40 Horse Collar
11:47 Double-Bit Axe
14:06 Forging
19:12 Castle Age
18:16 Fletching
18:27 Padded Archer Armor
19:54 Gold Mining
26:42 Bodkin Arrow
31:37 Light Cavalry
33:16 Bloodlines
33:07 Husbandry
34:00 Pikeman
42:41 Elite Skirmisher
47:51 Thumb Ring
55:36 Imperial Age
54:55 Bow Saw
55:23 Wheelbarrow
Cleopatra
10:29 Feudal Age
13:37 Castle Age
11:24 Horse Collar
12:00 Double-Bit Axe
15:21 Wheelbarrow
14:57 Bow Saw
19:58 Stone Mining
22:53 Hand Cart
23:27 Heavy Plow
27:55 Imperial Age
26:37 Scale Barding Armor
26:43 Forging
27:08 Husbandry
28:00 Bloodlines
28:07 Gold Mining
28:58 Iron Casting
28:38 Cavalier
30:48 Blast Furnace
31:56 Chain Barding Armor
32:41 Conscription
34:48 Plate Barding Armor
35:53 Fletching
36:03 Padded Archer Armor
36:21 Scale Mail Armor
36:41 Pikeman
37:13 Halberdier
40:07 Chain Mail Armor
43:46 Light Cavalry
45:15 Caravan
45:58 Hussar
49:39 Double Crossbow
Connection lost

Rejoining the realm…

Still unreachable

The connection could not be restored.

Session expired

The server has moved on; the page needs a fresh start.